 Dungeon Crawl Stone Soup version 0.28.0-45-g0d030f2227 (webtiles) character file.

Game seed: 7677052577309238196

7805 raph the Impaler (level 11, 0/87 HPs)
             Began as a Merfolk Gladiator on May 4, 2022.
             Was an Elder of Wu Jian.
             Slain by a red ugly thing (14 damage)
             ... on level 9 of the Dungeon.
             The game lasted 00:17:20 (10881 turns).

raph the Impaler (Merfolk Gladiator)               Turns: 10881, Time: 00:17:20

Health: 0/87       AC: 20    Str: 15    XL:     11   Next: 21%
Magic:  11/11      EV: 15    Int:  8    God:    Wu Jian [****..]
Gold:   1566       SH:  5    Dex: 19    Spells: 10/10 levels left

rFire   . . .      SeeInvis +   a - +1 halberd
rCold   . . .      Faith    .   (shield currently unavailable)
rNeg    . . .      Spirit   .   B - +0 swamp dragon scales
rPois   +          Reflect  +   E - +2 helmet
rElec   .          Harm     .   (no cloak)
rCorr   +          Rampage  .   x - +1 pair of gloves
Will    .....                   D - +2 pair of boots "Pent" {+Inv rCorr SInv}
Stlth   +++.......              r - amulet of reflection
HPRegen 0.24/turn               k - +4 ring of protection
MPRegen 0.12/turn               (no ring)

@: on berserk cooldown
A: (nimble swimmer 2), mertail
a: Renounce Religion, Evoke Invisibility, Wall Jump, Serpent's Lash


You were on level 9 of the Dungeon.
You worshipped Wu Jian.
Wu Jian was greatly pleased with you.
You visited 1 branch of the dungeon, and saw 9 of its levels.
You also visited: Sewer and Bailey.

You collected 1566 gold pieces.

Inventory:

Hand Weapons
 a - a +1 halberd (weapon)
 b - a +0 trident
 v - the +3 trident "Cerar" {flame, *Corrode rC+ rN+}
   (You took it off a deep elf pyromancer on level 9 of the Dungeon)

   It burns those it strikes, dealing additional fire damage.
   rC:        It protects you from cold.
   rN:        It protects you from negative energy.
   *Corrode:  It may corrode you when you take damage.
Missiles
 d - 4 throwing nets
 e - 265 stones
 j - 10 poisoned darts (quivered)
 u - 15 boomerangs
Armour
 c - a +1 helmet
 o - a +3 leather armour of cold resistance
 t - a +0 leather armour
 x - a +1 pair of gloves (worn)
 B - +0 swamp dragon scales (worn)
 D - the +2 pair of boots "Pent" (worn) {+Inv rCorr SInv}
   (You acquired it on level 7 of the Dungeon)

   SInv:      It lets you see invisible.
   +Inv:      It lets you turn invisible.
   rCorr:     It protects you from acid and corrosion.
 E - a +2 helmet (worn)
 G - a +0 pair of boots of flying
Jewellery
 k - a +4 ring of protection (left hand)
 r - an amulet of reflection (around neck)
 y - an amulet of the acrobat
 C - a ring of wizardry
Wands
 q - a wand of flame (13)
 s - a wand of iceblast (4)
 w - a wand of polymorph (5)
Scrolls
 p - a scroll of teleportation
 A - a scroll of silence
 F - a scroll of identify
Potions
 f - 2 potions of lignification
 g - a potion of curing
 h - a potion of mutation {unknown}
 i - 2 potions of cancellation
 l - 2 potions of brilliance
 m - 8 potions of flight
 n - 3 potions of heal wounds
 z - a potion of attraction {unknown}


   Skills:
 * Level 8.9 Fighting
 + Level 15.0 Polearms
 + Level 5.8 Throwing
 + Level 4.0 Armour
 + Level 8.3 Dodging
 + Level 6.4 Stealth


You had 10 spell levels left.
You didn't know any spells.
Your spell library contained the following spells:

 Spells                   Type           Power      Damage    Failure   Level
 Corpse Rot               Necr/Air       0%         N/A       77%         2
 Poisonous Vapours        Pois/Air       0%         N/A       77%         2


Dungeon Overview and Level Annotations

Branches:
Dungeon (9/15)             Temple (0/1) D:5            Lair (0/6) D:8
  Sewer (visited)          Bailey (visited)
    Orc: D:9-12

Altars:
Wu Jian
Xom
Lugonu

Annotations:
D:8 1 transporter, Psyche


Innate Abilities, Weirdness & Mutations

((You are very nimble when in or above water. (Stealth+, EV+, Speed+++)))
Your lower body shifts to a powerful aquatic tail in water.


Message History

Your centaur zombie is destroyed!
Your centaur zombie dissolves into shadows!
Reach: a) +1 halberd
Press: ? - help, Dir - move target, f - deep elf pyromancer
Aim: a deep elf pyromancer, wielding the +3 trident "Cerar" {flame, *Corrode rC+ rN+} and wearing a +0 scale mail (almost dead, unaware, hasn't noticed you, about 38% to evade your +1 halberd)
You reach to attack!
The deep elf pyromancer shouts!
You slash the deep elf pyromancer!
You kill the deep elf pyromancer!
The Council accepts your kill.
Your Armour skill increases to level 4!
You start resting.
A red ugly thing comes into view.
Things that are here:
the +3 trident "Cerar" {flame, *Corrode rC+ rN+}; a +0 scale mail
v - the +3 trident "Cerar" {flame, *Corrode rC+ rN+} The red ugly thing gurgles horribly!
You slash the red ugly thing!
The red ugly thing is lightly wounded.
The red ugly thing tail-slaps you but does no damage.
You hit the red ugly thing.
The red ugly thing is lightly wounded.
The red ugly thing tail-slaps you but does no damage.
You closely miss the red ugly thing.
The red ugly thing is lightly wounded.
The red ugly thing tail-slaps you but does no damage.
You hit the red ugly thing.
The red ugly thing is moderately wounded.
You feel yourself speed up.
The red ugly thing tail-slaps you but does no damage.
You closely miss the red ugly thing.
The red ugly thing is lightly wounded.
The red ugly thing tail-slaps you.
* * * LOW HITPOINT WARNING * * *
You are engulfed in flames!!
* * * LOW HITPOINT WARNING * * *
You feel much better. The red ugly thing tail-slaps you!
* * * LOW HITPOINT WARNING * * *
You are engulfed in flames!
You die...

*,,,,,,*********.#########,,,,
*,,,,,,**,,,,,,,.........#,,,,
*,,,,,,,,,#############'.#,,,,
****,,,,,,*,,#.##.........#.#,,,,
,,,,,,,,,,*,##.##..##.##..#.#,,,,
**#*,*****,,#...##.##.##.##.#,,,,
*,.,,**,**,##...##.......#..#,,,,
*.#####,*,,#....[##.#.#.##.##,,,,
*......,*,##....@##.....#..#*,,,,
#......,,,#.....u.##.#.##.##*,,,,
.#.....*,##.......##...#..# *,,,,
.......,,#.........##.##.## *,,,,
##.<..,,##|........##.#..# *,,,,
#,...#*,#'#'#########'#.## ******
#...#*,,#.##...##....##.# *,,,,,
...#**,*#.##.##.#.##.#..# *,,,,,
......,*†.J##.#.##.###.#####..,,,


You could see a red ugly thing.

Vanquished Creatures
  A centaur warrior (D:9)
  A deep elf pyromancer (D:9)
  2 manticores (D:9)
  A black mamba (shapeshifter) (D:9)
  Maggie (D:7)
  A troll (D:9)
  A vampire (D:9)
  Eustachio (D:4)
  6 yaks (D:9)
  A water moccasin (D:8)
  Duvessa (D:5)
  3 ice beasts
  8 orc warriors
  4 sky beasts
  A hornet zombie (D:7)
  An ogre (D:5)
  2 necrophages (D:6)
  2 centaurs
  A phantom (D:5)
  A kobold brigand (Sewer)
  3 bullfrogs
  2 scorpions (D:4)
  A wyvern skeleton (D:7)
  Dowan (D:5)
  5 wights (D:7)
  A bullfrog zombie (D:7)
  A centaur zombie (D:7)
  3 bullfrog skeletons
  4 centaur skeletons
  2 jellies
  An orc priest (D:7)
  3 hounds
  A gnoll shaman (D:4)
  4 iguanas
  4 orc wizards
  Natasha (thrice) (D:3)
  A hound skeleton (D:5)
  13 gnolls
  9 adders
  3 river rats
  An ufetubus (D:5)
  2 adder skeletons
  3 worms
  16 orcs
  15 ball pythons
  A bat (D:1)
  5 endoplasms
  3 giant cockroaches
  5 goblins
  5 hobgoblins
  A jackal (Sewer)
  2 quokkas
  4 frilled lizards
  22 kobolds
  8 rats
198 creatures vanquished.

Vanquished Creatures (collateral kills)
  A slime creature (D:9)
1 creature vanquished.

Vanquished Creatures (others)
  4 plants (D:2)
4 creatures vanquished.

Grand Total: 203 creatures vanquished

Notes
Turn   | Place    | Note
-------+----------+-------------------------------------------
     0 | D:1      | raph the Merfolk Gladiator began the quest for the Orb.
     0 | D:1      | Reached XP level 1. HP: 16/16 MP: 1/1
   166 | D:1      | Reached skill level 5 in Polearms
   265 | D:1      | Reached XP level 2. HP: 10/22 MP: 2/2
   755 | D:1      | Reached skill level 6 in Polearms
   755 | D:1      | Reached XP level 3. HP: 25/27 MP: 3/3
  1331 | D:2      | Found a faded altar of an unknown god.
  1354 | D:2      | Found an ornate altar of the Wu Jian Council.
  1534 | D:2      | Became a worshipper of the Wu Jian Council
  1903 | D:3      | Reached XP level 4. HP: 33/33 MP: 4/4
  1971 | D:3      | Noticed Natasha
  1977 | D:3      | Killed Natasha
  1978 | D:3      | Reached skill level 7 in Polearms
  2037 | D:3      | Noticed Natasha
  2045 | D:3      | Killed Natasha
  2054 | D:3      | Reached skill level 8 in Polearms
  2054 | D:3      | Reached XP level 5. HP: 31/38 MP: 5/5
  2176 | D:3      | Found a shimmering altar of Xom.
  2252 | D:3      | Found a glowing drain.
  2260 | D:3      | Reached skill level 9 in Polearms
  2263 | Sewer    | Entered a sewer
  2361 | Sewer    | Noticed a kobold brigand
  2378 | Sewer    | Killed a kobold brigand
  2378 | Sewer    | Reached * piety under Wu Jian
  2379 | Sewer    | Reached XP level 6. HP: 34/44 MP: 6/6
  2514 | Sewer    | Found a white marble altar of Elyvilon.
  2876 | D:3      | Noticed a sky beast
  2912 | D:3      | Killed a sky beast
  2913 | D:3      | Reached skill level 10 in Polearms
  3373 | D:3      | Noticed Natasha
  3379 | D:3      | Killed Natasha
  3380 | D:3      | Reached XP level 7. HP: 40/50 MP: 7/7
  3492 | D:4      | Reached skill level 11 in Polearms
  3847 | D:4      | Reached skill level 12 in Polearms
  4017 | D:4      | Identified the +5 hand axe of the Jumping Shrike {flame,
                  | +Blink rN+}
  4156 | D:4      | Reached skill level 13 in Polearms
  4158 | D:4      | Reached XP level 8. HP: 39/56 MP: 8/8
  4426 | D:4      | Noticed Eustachio
  4435 | D:4      | Killed Eustachio
  4606 | D:4      | Reached ** piety under Wu Jian
  4840 | D:5      | Entered Level 5 of the Dungeon
  4914 | D:5      | Reached skill level 14 in Polearms
  4975 | D:5      | Found a staircase to the Ecumenical Temple.
  5106 | D:5      | Noticed Dowan
  5107 | D:5      | Reached skill level 1 in Stealth
  5111 | D:5      | Noticed Duvessa
  5113 | D:5      | Killed Dowan
  5832 | D:5      | Reached skill level 1 in Armour
  6036 | D:5      | Killed Duvessa
  6419 | D:6      | Reached skill level 5 in Dodging
  6419 | D:6      | Reached XP level 9. HP: 65/65 MP: 9/9
  7234 | D:7      | Noticed Maggie
  7253 | D:7      | Killed Maggie
  7254 | D:7      | Reached skill level 5 in Fighting
  7926 | D:7      | Identified a scroll of acquirement
  7926 | D:7      | Acquired the +2 pair of boots "Pent" {+Inv rCorr SInv}
  8831 | D:7      | Reached XP level 10. HP: 77/77 MP: 10/10
  8968 | D:8      | Reached *** piety under Wu Jian
  9066 | D:8      | Found a staircase to the Lair.
  9119 | D:8      | Found a transporter.
  9119 | D:8      | Noticed a purple ugly thing
  9120 | D:8      | Noticed a green ugly thing
  9121 | D:8      | Found a corrupted altar of Lugonu.
  9122 | D:8      | Noticed a white ugly thing
  9213 | D:8      | Noticed Psyche
  9528 | D:9      | Found a flagged portal.
  9559 | Bailey   | Entered a bailey
  9785 | Bailey   | Reached skill level 5 in Stealth
 10468 | D:9      | Reached skill level 5 in Throwing
 10810 | D:9      | Noticed a manticore
 10810 | D:9      | Noticed a manticore
 10816 | D:9      | Noticed a black mamba
 10816 | D:9      | a blink frog changed into a black mamba
 10816 | D:9      | Identified the ring "Liff" {Will+ Int+4}
 10816 | D:9      | Noticed a centaur warrior
 10819 | D:9      | Killed a black mamba
 10820 | D:9      | Identified the +3 trident "Cerar" {flame, *Corrode rC+ rN+}
 10820 | D:9      | Noticed a deep elf pyromancer
 10823 | D:9      | Killed a manticore
 10837 | D:9      | Killed a centaur warrior
 10838 | D:9      | Reached XP level 11. HP: 63/87 MP: 11/11
 10838 | D:9      | Killed a manticore
 10851 | D:9      | Reached skill level 15 in Polearms
 10863 | D:9      | Killed a deep elf pyromancer
 10863 | D:9      | Reached **** piety under Wu Jian
 10871 | D:9      | Noticed a red ugly thing
 10880 | D:9      | HP: 3/87 [red ugly thing (21)]
 10881 | D:9      | Slain by a red ugly thing

Illustrated notes

Levels and vault maps discovered:
D:1:      mushboom_english_gardens, layout_basic
D:2:      layout_rooms, basic_altar, nicolae_ecumenical_snake_handling,
          serial_forest, infiniplex_forest_end_3,
          infiniplex_forest_lined_corner, infiniplex_forest_lined_2,
          infiniplex_forest_clump_tiny, infiniplex_forest_end_2,
          infiniplex_forest_clump_double, infiniplex_forest_diagonal,
          infiniplex_forest_clump_diagonal, ebering_dispersal_statue_hall
D:3:      layout_loops_corners, xom_teletrap_fun, portal_sewer_entry_e,
          grunt_ministairs_7, uniq_natasha
D:4:      minmay_opposing_rooms, layout_cave_pools, uniq_eustachio
D:5:      layout_loops_corners, minmay_temple_entry_drinking_statues,
          hex_medium, uniq_duvessa
D:6:      layout_gridville, hangedman_abyss_or_decor_jellyfish_corner
D:7:      layout_gridville, nicolae_figureground_sparkle, uniq_maggie
D:8:      gammafunk_corrupted_shrine, layout_loops_ring, lair_entry_dummy,
          minmay_fractal_squares_diagonal_5, uniq_harold, uniq_psyche
D:9:      minmay_the_grid_triangle_9x9_rhombus_thin
          [minmay_the_grid_triangle_9x9_longest,
          minmay_the_grid_triangle_9x9_prize_schism,
          minmay_the_grid_triangle_9x9_descending_squares,
          minmay_the_grid_triangle_9x9_empty], layout_basic, enter_bailey_2

Skill      XL: |  1  2  3  4  5  6  7  8  9 10 11 |
---------------+----------------------------------+-----
Polearms       | 5 6 8 9 10 13 14 15 | 15.0
Stealth        | 2 4 6 |  6.4
Fighting       | 4 6 8 |  8.9
Armour         | 1 2 3 4 |  4.0
Throwing       | 3 4 5 |  5.8
Dodging        | 5 6 8 |  8.3

Action                   |  1- 3 |  4- 6 |  7- 9 | 10-12 || total
-------------------------+-------+-------+-------+-------++-------
Melee: Trident           |   141 |   110 |   116 |       ||   367
       Punch             |     1 |       |     1 |       ||     2
       Halberd           |       |       |   301 |   184 ||   485
       Tailslap          |       |       |       |     2 ||     2
Throw: Dart              |       |     9 |    31 |    29 ||    69
Invok: Lunge             |       |     3 |     2 |     2 ||     7
       Whirlwind         |       |       |    16 |     3 ||    19
 Abil: Wall Jump         |       |       |     3 |       ||     3
Evoke: Wand              |       |       |     2 |     3 ||     5
  Use: Scroll            |     4 |     1 |    10 |     4 ||    19
       Potion            |       |       |       |     3 ||     3
 Stab: Sleeping          |     2 |       |     4 |     2 ||     8
       Distracted        |       |       |     2 |     3 ||     5
Armor: Leather armour    |    13 |    22 |    39 |       ||    74
       Swamp dragon scal |       |       |    40 |    66 ||   106
Dodge: Dodged            |    48 |    46 |   161 |    72 ||   327
Block: Other             |       |       |    42 |    27 ||    69
       Reflection        |       |       |       |     2 ||     2
